 Dungeon Crawl Stone Soup version 0.31-a0-221-gbddc013574 (webtiles) character file.

Game seed: 9052936913206521075

594 qw the Chopper (level 7, -2/43 HPs)
             Began as a Gargoyle Fighter on July 3, 2023.
             Slain by Duvessa
             ... wielding a +0 short sword
              (14 damage)
             ... on level 5 of the Dungeon.
             The game lasted 00:02:00 (3813 turns).

qw the Chopper (Gargoyle Fighter)                   Turns: 3813, Time: 00:02:00

Health: -2/43      AC: 14    Str: 21    XL:     7   Next: 39%
Magic:  7/7        EV:  9    Int:  9    God:
Gold:   155        SH:  4    Dex:  9    Spells: 6/6 levels left

rFire   + . .        Y - +2 war axe
rCold   . . .        c - +0 buckler
rNeg    + . .        b - +0 scale mail
rPois   inf          f - +0 helmet
rElec   +            m - +1 cloak {Stlth+}
rCorr   .            (no gloves)
SInv    .            (no boots)
Will    .....        (no amulet)
Stlth   +            a - ring of protection from fire
HPRegen 0.27/turn    (no ring)
MPRegen 0.10/turn

%: no passive effects
@: no status effects
A: sickness immunity, AC +4, negative energy resistance 1, electricity
resistance, torment resistance 1, petrification resistance
a: no special abilities


You were on level 5 of the Dungeon.
You visited 1 branch of the dungeon, and saw 5 of its levels.

You collected 254 gold pieces.
You spent 99 gold pieces at shops.


Innate Abilities, Weirdness & Mutations

You are immune to sickness and miasma.
Your stone body is resilient. (AC +4)
You are immune to poison.
You resist negative energy. (rN+)
You are resistant to electric shocks. (rElec)
You are resistant to unholy torment.
You are immune to petrification.


   Skills:
 - Level 4.0 Fighting
 + Level 6.8 Axes
 - Level 3.2 Armour
 - Level 1.0 Dodging
 - Level 3.2 Shields


You had 6 spell levels left.
You didn't know any spells.
Your spell library was empty.

Inventory:

Hand Weapons
 e - a +0 flail
 Y - a +2 war axe (weapon)
Armour
 b - a +0 scale mail (worn)
 c - a +0 buckler (worn)
 f - a +0 helmet (worn)
 g - a +2 robe of fire resistance
 m - a +1 cloak of stealth (worn)
 n - a +0 chain mail
Jewellery
 a - a ring of protection from fire (left hand)
Scrolls
 h - a scroll of identify
 i - 4 scrolls of teleportation
Potions
 d - 2 potions of might
 j - a potion of heal wounds
 k - a potion of cancellation
 l - a potion of mutation

Dungeon Overview and Level Annotations

Branches:
Dungeon (5/15)
 Temple: D:4-7

Altars:
Ashenzari

Shops:
D:3 *   D:4 (

Annotations:
D:3 1 runed translucent door, qw's ghost, amateur MiHs
D:4 exclusion: 2 goblins
D:5 Duvessa


Message History

Enter note: Duvessa is nearby!
Enter note:
Enter note:
Enter note:
Enter note:
Enter note:
Enter note:
3804 ||| Stepping ~*~*~tactically~*~*~ (stealth).
Duvessa shouts!
Duvessa goes berserk!
You block Duvessa's attack.
Enter note:
Enter note:
Enter note:
Enter note:
Enter note:
Enter note: You slash Duvessa!
Duvessa is lightly wounded.
You block Duvessa's attack. Duvessa hits you with a +0 short sword!
You closely miss Duvessa.
Duvessa is lightly wounded.
Duvessa hits you but does no damage. Duvessa hits you with a +0 short sword!
You hit Duvessa.
Duvessa is moderately wounded.
You block Duvessa's attack. Duvessa closely misses you.
You hit Duvessa.
Duvessa is moderately wounded.
Duvessa closely misses you. Duvessa hits you with a +0 short sword.
You hit Duvessa.
Duvessa is moderately wounded.
Duvessa hits you but does no damage.
You hit Duvessa but do no damage.
Duvessa is moderately wounded.
Duvessa closely misses you. x2
You slash Duvessa!
Duvessa is heavily wounded.
You block Duvessa's attack. Duvessa hits you with a +0 short sword!
You die...

....#}.##'...})..### #.#.#.##
....#.........#....# #.....#
.###.........#.###.# #.#.###
.#...#.......#...#.# #.#.#
.#...+..._...+...+.#######.#.#
.....#.......#...#.........#.#
..####.......####..#########.#
....#.........#..e.# ### #.#
)#..#}.##'.#.}..@#####.#####.#
..#.####...####.#####........#
#.#....#...#...........#######
#..)...#...#..##########
####.#.#####.## #.........#
###########


You could see Duvessa (berserk).

Vanquished Creatures
  An ogre (D:5)
  Dowan (D:5)
  A hound (D:5)
  A jelly (D:5)
  A sleepcap (D:5)
  3 iguanas
  An orc wizard (D:5)
  Ijyb (D:2)
  Robin (D:4)
  7 gnolls (D:4)
  7 adders
  A worm (D:2)
  A dart slug (D:1)
  5 orcs
  2 bats (D:2)
  6 endoplasms
  A giant cockroach (D:2)
  23 goblins
  16 hobgoblins
  3 jackals (D:4)
  4 quokkas
  5 ball pythons
  A frilled lizard (D:3)
  3 kobolds
  4 rats
100 creatures vanquished.

Notes
Turn   | Place    | Note
-------+----------+-------------------------------------------
     0 | D:1      | qw the Gargoyle Fighter began the quest for the Orb.
     0 | D:1      | Reached XP level 1. HP: 14/14 MP: 1/1
     0 | D:1      | 0 ||| qw: Version: 0.3-a-40-ge99b1a8
     0 | D:1      | 0 ||| qw: Game counter: 502
     0 | D:1      | 0 ||| qw: Melee chars always use a shield: true
     0 | D:1      | 0 ||| qw: God list: Okawaru
     0 | D:1      | 0 ||| qw: Allow faded altars: false
     0 | D:1      | 0 ||| qw: Do Orc after clearing Dungeon:15 true
     0 | D:1      | 0 ||| qw: Do second Lair branch before Depths: true
     0 | D:1      | 0 ||| qw: Lair rune preference: random
     0 | D:1      | 0 ||| qw: Goals: Normal, Zot:1-4, Slime:5, God:TSO, Crypt,
                  | Tomb, Abyss, Pan, Hells, Win
     0 | D:1      | 0 ||| PLANNING D:1-11
    47 | D:1      | Reached skill level 2 in Axes
    91 | D:1      | 91 ||| Stepping ~*~*~tactically~*~*~ (stealth).
   125 | D:1      | Reached XP level 2. HP: 19/19 MP: 2/2
   126 | D:1      | 126 ||| Stepping ~*~*~tactically~*~*~ (hiding).
   128 | D:1      | 128 ||| Stepping ~*~*~tactically~*~*~ (hiding).
   467 | D:1      | Reached skill level 3 in Axes
   702 | D:1      | 702 ||| UPGRADING to +0 helmet.
   707 | D:1      | 707 ||| DROPPING +6 ring of intelligence.
   708 | D:1      | 708 ||| READING scroll labelled YHASAI DEFA.
   709 | D:1      | 709 ||| READING scroll labelled PYUTEO XIFY.
   710 | D:1      | 710 ||| READING 2 scrolls labelled JARUATHR EFEM.
   711 | D:1      | 711 ||| READING 3 scrolls labelled TAGIOBBERUM.
   716 | D:1      | 716 ||| READING scroll labelled WAKAIXT IZICH.
   717 | D:1      | 717 ||| DROPPING scroll of fog.
   756 | D:2      | Reached XP level 3. HP: 16/23 MP: 3/3
   805 | D:2      | 805 ||| Stepping ~*~*~tactically~*~*~ (stealth).
   806 | D:2      | 806 ||| DROPPING +0 club.
  1015 | D:2      | Noticed Ijyb
  1016 | D:2      | 1016 ||| Stepping ~*~*~tactically~*~*~ (stealth).
  1027 | D:2      | Killed Ijyb
  1028 | D:2      | Reached XP level 4. HP: 24/28 MP: 4/4
  1029 | D:2      | Reached skill level 4 in Axes
  1107 | D:2      | 1107 ||| Stepping ~*~*~tactically~*~*~ (stealth).
  1124 | D:2      | 1124 ||| Stepping ~*~*~tactically~*~*~ (stealth).
  1489 | D:2      | 1489 ||| READING scroll labelled BOESHELAEV.
  1585 | D:3      | 1585 ||| READING scroll of enchant weapon.
  1585 | D:3      | 1585 ||| ENCHANTING +1 war axe.
  1591 | D:3      | Found a runed translucent door.
  1609 | D:3      | Noticed qw's ghost (amateur MiHs)
  1790 | D:3      | Found Fait Fuv's Assorted Antiques.
  1797 | D:3      | 1797 ||| BUYING fizzy brown potion (18 gold).
  1797 | D:3      | Bought a fizzy brown potion for 18 gold pieces
  1797 | D:3      | 1797 ||| BUYING grey potion (18 gold).
  1797 | D:3      | Bought a grey potion for 18 gold pieces
  1797 | D:3      | 1797 ||| BUYING scroll of teleportation (63 gold).
  1797 | D:3      | Bought a scroll of teleportation for 63 gold pieces
  1797 | D:3      | 1797 ||| SHOPLISTING slimy copper amulet (105 gold, have
                  | 24).
  2213 | D:3      | 2213 ||| UPGRADING to +1 cloak of stealth.
  2218 | D:3      | 2218 ||| READING scroll labelled ERIUCI PIPOTOI.
  2219 | D:3      | 2219 ||| READING 3 scrolls labelled AMAZXA QUUFYI.
  2220 | D:3      | 2220 ||| DRINKING 2 fizzy brown potions.
  2221 | D:3      | 2221 ||| READING 2 scrolls of identify.
  2221 | D:3      | 2221 ||| IDENTIFYING bubbling orange potion
  2222 | D:3      | 2222 ||| DROPPING potion of ambrosia.
  2266 | D:4      | Reached XP level 5. HP: 27/32 MP: 5/5
  2297 | D:4      | Found Litt's Firing Range.
  2359 | D:4      | Reached skill level 5 in Axes
  2436 | D:4      | 2436 ||| Stepping ~*~*~tactically~*~*~ (hiding).
  2440 | D:4      | 2440 ||| Stepping ~*~*~tactically~*~*~ (hiding).
  2441 | D:4      | 2441 ||| Stepping ~*~*~tactically~*~*~ (hiding).
  2453 | D:4      | 2453 ||| READING 2 scrolls of identify.
  2453 | D:4      | 2453 ||| IDENTIFYING brown potion
  2474 | D:4      | 2474 ||| Stepping ~*~*~tactically~*~*~ (hiding).
  2602 | D:4      | Noticed Robin
  2613 | D:4      | Killed Robin
  2792 | D:4      | 2792 ||| Stepping ~*~*~tactically~*~*~ (hiding).
  2812 | D:4      | Reached XP level 6. HP: 38/38 MP: 6/6
  2821 | D:4      | Reached skill level 1 in Dodging
  3178 | D:4      | 3178 ||| UPGRADING to ring of protection from fire.
  3179 | D:4      | 3179 ||| READING scroll labelled HOXIZU MIMP.
  3180 | D:4      | 3180 ||| READING 3 scrolls of identify.
  3180 | D:4      | 3180 ||| IDENTIFYING silvery potion
  3181 | D:4      | 3181 ||| READING 2 scrolls of identify.
  3181 | D:4      | 3181 ||| IDENTIFYING grey potion
  3182 | D:4      | 3182 ||| DROPPING potion of degeneration.
  3216 | D:5      | Entered Level 5 of the Dungeon
  3219 | D:5      | Noticed Dowan
  3220 | D:5      | 3220 ||| Stepping ~*~*~tactically~*~*~ (hiding).
  3227 | D:5      | Noticed Duvessa
  3235 | D:5      | Killed Dowan
  3261 | D:5      | Found a broken altar of Ashenzari.
  3414 | D:5      | Reached skill level 6 in Axes
  3469 | D:5      | Reached XP level 7. HP: 31/43 MP: 7/7
  3729 | D:5      | 3729 ||| Stepping ~*~*~tactically~*~*~ (hiding).
  3730 | D:5      | 3730 ||| Stepping ~*~*~tactically~*~*~ (hiding).
  3804 | D:5      | 3804 ||| Stepping ~*~*~tactically~*~*~ (stealth).
  3813 | D:5      | Slain by Duvessa

Levels and vault maps discovered:
D:1:      dpeg_arrival_boxorama, layout_basic
D:2:      kennysheep_the_goblin_king, layout_basic, hex_tiny
D:3:      layout_basic, ebering_ghost_sewer_d, serial_shops,
          nicolae_square_shop, serial_park_tiny_pond
D:4:      kennysheep_goblin_castle, layout_basic, nicolae_shop_firing_range
D:5:      layout_loops_ring, evilmike_ruin_ashenzari, hangedman_minor_gate_pass,
          uniq_duvessa

Skill      XL: |  1  2  3  4  5  6 |
---------------+-------------------+-----
Axes           | 2 3 4 5 6 |  6.8
Fighting       | 4 |  4.0
Dodging        | 1 |  1.0
Armour         | |  3.2
Shields        | |  3.2

Action                     |  1- 3 |  4- 6 |  7- 9 || total
---------------------------+-------+-------+-------++-------
  Melee: War axe           |    99 |   158 |    31 ||   288
    Use: Scroll            |     5 |     9 |       ||    14
         Potion            |       |     1 |       ||     1
 Armour: Scale mail        |    49 |    93 |    13 ||   155
  Dodge: Dodged            |    39 |    65 |    12 ||   116
  Block: Buckler           |    19 |    38 |     7 ||    64

Table legend:
 A = Non-vault XP
 B = Vault XP
 C = Vault XP percentage of total XP
 D = Non-vault monster count
 E = Vault monster count
 F = Vault count percentage of total count
                 A         B        C        D         E       F
            +---------+---------+-------+---------+---------+-------
      Total |     586 |     263 |  31.0 |      68 |      32 |  32.0
            +---------+---------+-------+---------+---------+-------
        D:1 |      32 |       0 |   0.0 |      17 |       0 |   0.0
        D:2 |      58 |      46 |  44.2 |      17 |       7 |  29.2
        D:3 |      27 |       0 |   0.0 |       9 |       0 |   0.0
        D:4 |     183 |      54 |  22.8 |      14 |      21 |  60.0
        D:5 |     286 |     163 |  36.3 |      11 |       4 |  26.7
            +---------+---------+-------+---------+---------+-------
